 Dungeon Crawl Stone Soup version 0.18-a0-1211-g828307d (webtiles) character file.

504 namelastname112 the Chopper (level 6, 0/78 HPs)
             Began as a Draconian Skald on Feb 2, 2016.
             Slain by a giant frog skeleton (2 damage)
             ... on level 4 of the Dungeon.
             The game lasted 00:07:23 (5030 turns).

namelastname112 the Chopper (Draconian Skald)       Turns: 5030, Time: 00:07:23

Health: 0/78       AC: 23    Str: 16      XL:     6   Next: 96%
Magic:  10/10      EV:  2    Int: 11 (12) God:
Gold:   139        SH:  0    Dex: 13      Spells: 2 memorised, 6 levels left

rFire  . . .     SeeInvis +     l - +0 dagger (venom)
rCold  . . .     Gourm    .     (armour unavailable)
rNeg   + + +     Faith    .     (no shield)
rPois  +         Spirit   .     (helmet currently unavailable)
rElec  .         Dismiss  .     (cloak currently unavailable)
rCorr  +         Reflect  .     (gloves currently unavailable)
SustAt .         Harm     .     (boots currently unavailable)
MR     .....     NoTele   +     (no amulet)
Stlth  +.........               r - ring of see invisible
                                v - ring of resist corrosion

@: tree-form, not resistant to hostile enchantments, very unstealthy
A: unfitting armour, deterioration 1, strong 1, wild magic 1, (cold-blooded), AC
+6
a: no special abilities


You were on level 4 of the Dungeon.
You were hungry.
You were a tree.
You visited 1 branch of the dungeon, and saw 4 of its levels.

You collected 139 gold pieces.

Inventory:

Hand Weapons
 a - a +0 hand axe
 l - a +0 dagger of venom (weapon)
Missiles
 n - a throwing net (quivered)
Armour
 w - a +1 pair of gloves (melded)
 x - a +0 cloak (melded)
Jewellery
 m - an uncursed ring of sustain attributes
 r - a ring of see invisible (right branch)
 v - a ring of resist corrosion (left branch)
Scrolls
 d - a scroll of noise {unknown}
 e - 4 scrolls of identify {unknown}
 g - 2 scrolls of teleportation {unknown}
 k - 2 scrolls of remove curse {unknown}
 p - a scroll of fog {unknown}
 s - a scroll of blinking {unknown}
 u - a scroll of enchant armour {unknown}
 y - a scroll of random uselessness {unknown}
Potions
 h - a potion of cancellation {unknown}
 i - a potion of flight {unknown}
 j - 2 potions of cure mutation
 o - a potion of brilliance {unknown}
 t - a potion of heal wounds {unknown}
 z - a potion of haste {unknown}
Books
 b - a book of Battle

   Spells                             Type                      Level
   a - Infusion                       Charms                       1
   b - Shroud of Golubria             Charms/Translocation         2
   c - Song of Slaying                Charms                       2
   d - Spectral Weapon                Hexes/Charms                 3
   e - Regeneration                   Charms/Necromancy            3
Comestibles
 c - 3 bread rations
 f - 2 fruits
 A - a meat ration


   Skills:
 + Level 4.1 Fighting
 * Level 5.2 Axes
 + Level 2.4 Dodging
 - Level 2.9 Spellcasting
 - Level 3.6 Charms


You had 6 spell levels left.
You knew the following spells:

 Your Spells              Type           Power        Failure   Level  Hunger
a - Infusion              Chrm           ##..         19%         1    #......
b - Spectral Weapon       Hex/Chrm       #.......     54%         3    ###....


Dungeon Overview and Level Annotations

Branches:
Dungeon (4/15)
 Temple: D:4-7

Altars:
Fedhas
Kikubaaqudgha
Nemelex Xobeh
Xom

Annotations:
D:4 Fitzchum's ghost, amateur HECj


Innate Abilities, Weirdness & Mutations

((Your plain brown scales are hard (AC +6).))
Your body does not fit into most forms of armour.
((You are cold-blooded and may be slowed by cold attacks.))
Your body sometimes deteriorates upon taking damage.
Your muscles are strong. (Str +2)
Your spells are a little harder to cast, but a little more powerful.


Message History

The giant frog skeleton hits you but does no damage.
Fitzchum's ghost points at you and mumbles some strange words.
The orb of energy hits you!
* * * LOW HITPOINT WARNING * * *
The giant frog skeleton hits you but does no damage.
Fitzchum's ghost wails.
You see here 14 gold pieces.
The gnoll shouts!
The giant frog skeleton hits you but does no damage.
The gnoll drinks a potion.
The gnoll flickers and vanishes for a moment.
The giant frog skeleton hits you.
* * * LOW HITPOINT WARNING * * *
An iguana comes into view.
Drink which item? (? for menu, Esc to quit)
It was a potion of lignification.
You turn into a tree.
Your +0 cloak melds into your body.
Your +1 pair of gloves melds into your body.
Your roots penetrate the ground.
The giant frog skeleton hits you.
You die...

.###.........### ####
#.##
#........l......###
#..##
#..(.....g........##
##...
#..........W.......#
##...
...................##
##....
....................#
#....(
..#.................#
##.....
#............$Z..>.#
#......
#..........(...♣...#
#......
#..................#
#.......
#..................#
#.......
##.................#
#......#
#...............###
#....###
##.............##
#.... #...........###
###.# ##.........##
##......###


You could see an iguana (wandering), Fitzchum's ghost, a gnoll (invisible) and a
giant frog skeleton.

Vanquished Creatures
  An ogre (D:4)
  An orc priest (D:3)
  A giant frog skeleton (D:4)
  4 orc wizards
  A worker ant (D:4)
  A killer bee zombie (D:4)
  6 gnolls
  4 adders
  An ooze (D:2)
  An adder skeleton (D:4)
  2 worms
  4 giant geckos
  12 orcs
  2 ball pythons (D:2)
  8 bats
  5 giant cockroaches
  12 goblins
  A hobgoblin (D:1)
  5 jackals (D:3)
  A quokka (D:2)
  2 giant newts
  11 kobolds
  9 rats
95 creatures vanquished.

Notes
Turn   | Place    | Note
--------------------------------------------------------------
     0 | D:1      | namelastname112 the Draconian Skald began the quest for the Orb.
     0 | D:1      | Reached XP level 1. HP: 17/17 MP: 3/3
   209 | D:1      | Reached XP level 2. HP: 7/24 MP: 1/5
   581 | D:1      | Reached skill level 3 in Charms
   838 | D:1      | Reached XP level 3. HP: 30/30 MP: 6/6
  1003 | D:1      | Found a sparkling altar of Nemelex Xobeh.
  1572 | D:2      | Learned a level 3 spell: Spectral Weapon
  1915 | D:2      | Reached XP level 4. HP: 28/37 MP: 7/7
  2256 | D:2      | Found an ancient bone altar of Kikubaaqudgha.
  2257 | D:2      | Found a blossoming altar of Fedhas.
  2922 | D:3      | Reached XP level 5. HP: 24/45 MP: 9/9
  3285 | D:3      | Found a shimmering altar of Xom.
  3349 | D:3      | Reached skill level 4 in Axes
  3949 | D:4      | Reached XP level 6. HP: 36/51 MP: 10/10
  4112 | D:4      | Gained mutation: Your body sometimes deteriorates upon taking damage. [potion of mutation]
  4112 | D:4      | Gained mutation: Your spells are a little harder to cast, but a little more powerful. [potion of mutation]
  4112 | D:4      | Gained mutation: Your muscles are strong. (Str +2) [potion of mutation]
  4535 | D:4      | Reached skill level 5 in Axes
  5024 | D:4      | Noticed Fitzchum's ghost (amateur HECj)
  5028 | D:4      | HP: 1/52 [giant frog skeleton (3)]
  5030 | D:4      | Slain by a giant frog skeleton

Vault maps used:
D:1:      onia_arrival_mini_maze, nemelex_diamond_rough_becter
D:2:      minmay_kobold_bridge, grunt_temple_overflow_growth_and_decay,
          first_bread, serial_bayou_pond_d
D:3:      xom_teletrap_fun
D:4:      grunt_temple_overflow_diamond, hangedman_decor_clover_reticule

Action                   |  1- 3 |  4- 6 || total
-------------------------+-------+-------++-------
Melee: Hand axe          |   131 |       ||   131
       Dagger            |     8 |   265 ||   273
Throw: Throwing net      |       |     5 ||     5
 Cast: Infusion          |     3 |       ||     3
       Spectral Weapon   |       |     1 ||     1
  Use: Potion            |       |     3 ||     3
 Stab: Sleeping          |     1 |     1 ||     2
  Eat: Chunk             |     3 |     4 ||     7
       Meat ration       |       |     1 ||     1
       Fruit             |       |     1 ||     1
